cohdb
Replays
Latest Replays
All Replays
Popular Replays
Top Player Replays
Match Explorer
How It Works
Community
CoH3 Stats
Reddit
Sign in to upload your games and track your stats! →
Sign in with Steam
Match 46901244
Unlisted
Match 46901244
Overview
Messages
Build Orders
End
Engineer Squad
Selects Special Operations Battlegroup
Selects M29 Weasel Recon Vehicle
M29 Weasel Recon Vehicle
Construct Barracks
Riflemen Squad
Riflemen Squad
Construct Medical Station
Construct Weapon Support Center
M1919 Machine Gun Team
Selects Raiding Flares
Selects Raiding Flares
M1919 Machine Gun Team
Selects SSF Commando Squad
SSF Commando Squad
Infantry Support Center
Construct Tank Depot
M4(105) Sherman Bulldozer
SSF Commando Squad
M18 Hellcat Tank Destroyer
Selects Air Re-supply Operation
Selects P-47 Anti-Infantry Loiter
Selects UNKNOWN (2162291)
P-47 Anti-Infantry Loiter
M1918 Browning Automatic Rifles
P-47 Anti-Infantry Loiter
Advanced Logistics
HighFive
NotQuiteAKing
0
0
Comments
sign in to comment!
No comments posted yet!